 Dungeon Crawl Stone Soup version 0.21.1-1-g345015f (webtiles) character file.

228 inc the Sneak (level 6, -2/36 HPs)
             Began as an Octopode Enchanter on Apr 23, 2018.
             Slain by an ogre
             ... wielding a +0 giant club
              (16 damage)
             ... on level 4 of the Dungeon.
             The game lasted 00:03:33 (2745 turns).

inc the Sneak (Octopode Enchanter)                  Turns: 2745, Time: 00:03:34

Health: -2/36      AC:  1    Str: 12    XL:     6   Next: 2%
Magic:  0/9        EV: 13    Int: 19    God:
Gold:   113        SH:  0    Dex: 13    Spells: 3/9 levels left

rFire    . . .     SeeInvis .   i - +2 dagger (flame)
rCold    . . .     Gourm    .   (no shield)
rNeg     . . .     Faith    .   (helmet restricted)
rPois    .         Spirit   .   (no amulet)
rElec    .         Reflect  .   (no ring)
rCorr    .         Harm     .   (no ring)
MR       .....                  (no ring)
Stlth    +++++.....             (no ring)
HPRegen  0.12/turn              (no ring)
MPRegen  0.11/turn              (no ring)
                                (no ring)
                                (no ring)

@: mighty, berserk cooldown, hasted and slowed
A: almost no armour, stealthy swim, amphibious, 8 rings, constrict 8, camouflage
1, gelatinous body 1
a: no special abilities


You were on level 4 of the Dungeon.
You were not hungry.

You visited 1 branch of the dungeon, and saw 4 of its levels.

You collected 113 gold pieces.

Inventory:

Hand Weapons
 a - a +1 dagger
 i - a +2 dagger of flaming (weapon)
Jewellery
 d - a +2 ring of protection {unknown}
Potions
 f - a potion of berserk rage
 g - a potion of haste
Books
 b - a book of Maledictions

   Spells                             Type                      Level
   a - Corona                         Hexes                        1
   b - Ensorcelled Hibernation        Hexes/Ice                    2
   c - Confuse                        Hexes                        3
   d - Tukima's Dance                 Hexes                        3
   e - Dazzling Spray                 Conjuration/Hexes            3
Comestibles
 c - 2 rations
 m - a chunk of flesh


   Skills:
 - Level 1.0 Short Blades
 - Level 2.0 Dodging
 - Level 7.8 Stealth
 - Level 2.0 Spellcasting
 - Level 3.0 Hexes
 + Level 3.1 Ice Magic


You had 3 spell levels left.
You knew the following spells:

 Your Spells              Type           Power        Failure   Level  Hunger
a - Corona                Hex            ##.....      4%          1    #......
b - Ensorcelled Hibernat  Hex/Ice        ##....       7%          2    ###....
c - Confuse               Hex            ##......     14%         3    ###....


Dungeon Overview and Level Annotations

Branches:
Dungeon (4/15)
 Temple: D:4-7

Altars:

Annotations:
D:3 Nukog's ghost, amateur OgMo


Innate Abilities, Weirdness & Mutations

You cannot wear most types of armour.
You are very stealthy in the water. (Stealth+)
You are amphibious.
You can wear up to eight rings at the same time.
You can use your tentacles to constrict eight enemies at once.
Your skin changes colour to match your surroundings (Stealth+).
Your rubbery body absorbs attacks. (AC +1, EV +1)


Message History

The phantom blinks!
The phantom blinks!
Casting: Confuse
Confirm with . or Enter, or press ? or * to list all spells.
Aiming: Confuse
Press: ? - help, Shift-Dir - straight line, f/p - phantom
Aim: a phantom (almost destroyed, chance to defeat MR: 26%)
The phantom appears confused.
An ogre comes into view. It is wielding a giant club.
It was a potion of haste.
You feel yourself speed up.
The phantom hits itself.
The phantom is destroyed!
Your Ice Magic skill gained 2 levels and is now at level 3!
You have reached level 6!
Your experience leads to an increase in your attributes!
Increase (S)trength, (I)ntelligence, or (D)exterity?
You feel clever.
It was a potion of might.
You feel very mighty all of a sudden.
You barely miss the ogre. The ogre hits you with a giant club!
You die...

#...........
.......
##........##
##.....
#..........#
#.....
#..........#
#..........#
#..........#
#..........#
##......O.##
##.....@##
########


You could see an ogre.

Vanquished Creatures
  A phantom (D:4)
  Crazy Yiuf (D:2)
  Natasha (D:4)
  2 adders (D:2)
  3 worms
  4 dart slugs
  3 leopard geckos
  5 giant cockroaches
  8 goblins
  4 hobgoblins
  11 jackals (D:1)
  2 bats (D:1)
  3 frilled lizards (D:1)
  4 kobolds
  8 rats
60 creatures vanquished.

Notes
Turn   | Place    | Note
-------+----------+-------------------------------------------
     0 | D:1      | inc the Octopode Enchanter began the quest for the Orb.
     0 | D:1      | Reached XP level 1. HP: 11/11 MP: 3/3
   297 | D:1      | Reached XP level 2. HP: 10/17 MP: 5/5
   302 | D:1      | Reached skill level 5 in Stealth
  1267 | D:1      | Reached XP level 3. HP: 21/21 MP: 6/6
  1330 | D:1      | Reached skill level 6 in Stealth
  1338 | D:1      | Learned a level 2 spell: Ensorcelled Hibernation
  1342 | D:1      | Learned a level 3 spell: Confuse
  2063 | D:2      | Reached XP level 4. HP: 27/27 MP: 7/7
  2202 | D:2      | Reached skill level 7 in Stealth
  2412 | D:2      | Found a runed door.
  2566 | D:2      | Noticed Crazy Yiuf
  2570 | D:2      | Killed Crazy Yiuf
  2570 | D:2      | Reached XP level 5. HP: 31/31 MP: 8/8
  2649 | D:3      | Noticed Nukog's ghost (amateur OgMo)
  2705 | D:4      | Noticed Natasha
  2707 | D:4      | Noticed a phantom
  2707 | D:4      | Killed Natasha
  2707 | D:4      | Reached skill level 1 in Ice Magic
  2741 | D:4      | Noticed an ogre
  2743 | D:4      | Killed a phantom
  2743 | D:4      | Reached XP level 6. HP: 14/36 MP: 0/9
  2745 | D:4      | Slain by an ogre

Skill      XL: |  1  2  3  4  5 |
---------------+----------------+-----
Stealth        | 5 6 7 |  7.8
Ice Magic      | 3 |  3.1
Short Blades   | |  1.0
Dodging        | |  2.0
Spellcasting   | |  2.0
Hexes          | |  3.0

Action                   |  1- 3 |  4- 6 || total
-------------------------+-------+-------++-------
Melee: Dagger            |   104 |    42 ||   146
       Constrict         |    24 |     6 ||    30
       Tentacles         |    16 |     1 ||    17
 Cast: Confuse           |       |     2 ||     2
       Ensorcelled Hiber |       |     2 ||     2
  Use: Scroll            |       |     4 ||     4
       Potion            |       |     3 ||     3
 Stab: Sleeping          |    13 |    11 ||    24
  Eat: Chunk             |     4 |     2 ||     6
Armor: Skin              |    10 |       ||    10
Dodge: Dodged            |    67 |    19 ||    86
